 Dungeon Crawl Stone Soup version 0.32-a0-22-g6ae6769602 (console) character file.

Game seed: 2254419420887421014

162 Zeia the Magician (level 5, -1/40 HPs)
             Began as a Djinni Conjurer on Jan 18, 2024.
             Slain by an orc
             ... wielding a +0 flail
              (8 damage)
             ... on level 3 of the Dungeon.
             The game lasted 00:07:26 (2145 turns).

Zeia the Magician (Djinni Conjurer)                 Turns: 2145, Time: 00:07:27

Health: -1/40      AC:  3    Str:  6    XL:     5   Next: 71%
Gold:   65         EV: 12    Int: 22    God:
                   SH:  0    Dex: 11

rFire   + + .        g - +0 dagger (elec)
rCold   x . .        (no shield)
rNeg    . . .        a - +0 robe
rPois   ∞            (no helmet)
rElec   .            (no cloak)
rCorr   .            e - +0 pair of gloves
SInv    .            (boots unavailable)
Will    .....        (no amulet)
Stlth   ++           (no ring)
HPRegen 0.26/turn    (no ring)
MPRegen 0.00/turn

%: infuse magic (-2 HP)
@: flying
A: sickness immunity, fire resistance 2, cold vulnerability 1, float, innate
caster, HP casting, extra vitality 1
a: no special abilities


You were on level 3 of the Dungeon.
You visited 1 branch of the dungeon, and saw 3 of its levels.

You collected 65 gold pieces.

Inventory:

Hand Weapons
 g - a +0 dagger of electrocution (weapon)
Armour
 a - a +0 robe (worn)
 e - a +0 pair of gloves (worn)
Scrolls
 b - a scroll of revelation {unknown}
 c - a scroll of amnesia {unknown}
 f - a scroll of fear {unknown}
 i - a scroll of immolation {unknown}
 j - a scroll of identify {unknown}
Potions
 d - a potion of lignification {unknown}
 h - a potion of haste {unknown}


   Skills:
 - Level 3.2 Fighting
 - Level 2.1 Dodging
 - Level 1.5 Stealth
 + Level 4.6 Spellcasting
 + Level 4.6 Conjurations
 + Level 4.6 Hexes
   Level 0.0 Charms
 + Level 4.6 Summonings
 + Level 4.6 Necromancy
 + Level 4.6 Translocations
   Level 0.0 Transmutations
 + Level 4.6 Fire Magic
 + Level 4.6 Ice Magic
 + Level 4.6 Air Magic
 + Level 4.6 Earth Magic
 + Level 4.6 Alchemy


You knew the following spells:

 Your Spells              Type           Power      Damage    Failure   Level
a - Magic Dart            Conj           100%       1d8       1%          1
b - Searing Ray           Conj           50%        2d6       2%          2
c - Fulminant Prism       Conj/Alch      12%        3d9       16%         4
d - Iskenderun's Mystic   Conj/Tloc      25%        2d7       16%         4
e - Sandblast             Erth           50%        2d12      1%          1
f - Blink                 Tloc           50%        N/A       2%          2
Your spell library was empty.

Dungeon Overview and Level Annotations

Branches:
Dungeon (3/15)

Altars:


Innate Abilities, Weirdness & Mutations

You are immune to sickness and miasma.
You are immune to poison.
Your flesh is very heat resistant. (rF++)
You are vulnerable to cold. (rC-)
You float through the air rather than walking.
You learn spells naturally, not from books.
Your magical power is your life essence.
You have superior vitality. (+4 MHP)


Message History

You hear some strange, mumbled words.
A puff of flame appears from out of thin air!
The puff of flame hits something!
Reactivating autopickup.
You feel a bit more experienced.
Aiming: Magic Dart (safe; 1% risk of failure)
Press: ? - help, Q - select action, (/) - cycle Shift-Dir - straight line, f - orc
Aim: an orc, wielding a +0 flail and wearing a +0 scale mail (100% to hit)
The magic dart hits something.
Aiming: Magic Dart (safe; 1% risk of failure)
Press: ? - help, Q - select action, (/) - cycle Shift-Dir - straight line, f/p - orc
Aim: an orc, wielding a +0 flail and wearing a +0 scale mail (100% to hit)
The magic dart hits something.
Something hits you.
Deactivating autopickup; reactivate with Ctrl-A.
You hit something.
You hear some strange, mumbled words.
Something tries to affect you, but you resist.
You hit something. Lightning courses through something!
Reactivating autopickup.
You feel a bit more experienced.
You closely miss the orc. The orc hits you with a +0 flail.
You hit the orc but do no damage. The orc hits you with a +0 flail.
You closely miss the orc. The orc hits you with a +0 flail.
* * * LOW HITPOINT WARNING * * *
Aiming: Magic Dart (safe; 1% risk of failure)
Press: ? - help, Q - select action, (/) - cycle Shift-Dir - straight line, f/p - orc
Aim: an orc, wielding a +0 flail and wearing a +0 scale mail (100% to hit)
The magic dart hits the orc.
The orc is lightly wounded.
* * * LOW HITPOINT WARNING * * *
The orc barely misses you.
Aiming: Magic Dart (safe; 1% risk of failure)
Press: ? - help, Q - select action, (/) - cycle Shift-Dir - straight line, f/p - orc
Aim: an orc, wielding a +0 flail and wearing a +0 scale mail (lightly wounded, 100% to hit)
The magic dart hits the orc but does no damage.
The orc is lightly wounded.
* * * LOW HITPOINT WARNING * * *
The orc hits you with a +0 flail!
You die...

...=......#
..........+
..##..#...#
#. #.o.# #
#...##+###
#........#
####o....#
+.....#
#.....#
######.)...#
#@oo.'.....+
######.....#
#.....#
#######


You could see 2 orcs.

Vanquished Creatures
  An orc wizard (D:3)
  A gnoll (D:1)
  5 adders (D:2)
  A ribbon worm (D:2)
  3 dart slugs
  An orc (D:3)
  9 ball pythons
  3 endoplasms
  9 goblins
  7 hobgoblins
  5 quokkas
  3 bats
  2 frilled lizards (D:2)
  A kobold (D:2)
  2 rats (D:1)
53 creatures vanquished.

Vanquished Creatures (others)
  An orc wizard (D:3)
1 creature vanquished.

Grand Total: 54 creatures vanquished

Notes
Turn   | Place    | Note
-------+----------+-------------------------------------------
     0 | D:1      | Zeia the Djinni Conjurer began the quest for the Orb.
     0 | D:1      | Zeia set off with the following spells memorised: Magic
                  | Dart, Searing Ray, Fulminant Prism, Iskenderun's Mystic
                  | Blast.
     0 | D:1      | Reached XP level 1. HP: 15/15 MP: 0/0
   237 | D:1      | Reached skill level 1 in Fighting
   249 | D:1      | Reached XP level 2. HP: 15/22 MP: 0/0
   659 | D:1      | Reached XP level 3. HP: 25/29 MP: 0/0
   659 | D:1      | Learned a level 1 spell: Sandblast
  1220 | D:2      | Reached XP level 4. HP: 32/35 MP: 0/0
  1673 | D:2      | Reached XP level 5. HP: 36/40 MP: 0/0
  1673 | D:2      | Learned a level 2 spell: Blink
  2145 | D:3      | Slain by an orc

Illustrated notes

Levels and vault maps discovered:
D:1:      scummos_arrival_star, layout_basic, kennysheep_pointless_box
D:2:      layout_loops_corners, grunt_ministairs_3, minmay_fountain_box
D:3:      minmay_angry_zag, layout_basic, serial_shops, shop,
          minmay_three_crescents, uniq_natasha, uniq_sigmund

Skill      XL: |  1  2  3  4 |
---------------+-------------+-----
Fighting       | 1 2 3 |  3.2
Spellcasting   | 4 |  4.6
Conjurations   | 4 |  4.6
Hexes          | 4 |  4.6
Summonings     | 4 |  4.6
Necromancy     | 4 |  4.6
Translocations | 4 |  4.6
Fire Magic     | 4 |  4.6
Ice Magic      | 4 |  4.6
Air Magic      | 4 |  4.6
Earth Magic    | 4 |  4.6
Alchemy        | 4 |  4.6
Dodging        | |  2.1
Stealth        | |  1.5

Action                     |  1- 3 |  4- 6 || total
---------------------------+-------+-------++-------
  Melee: Dagger            |       |    11 ||    11
   Cast: Magic Dart        |    61 |    62 ||   123
 Armour: Robe              |     5 |    18 ||    23
  Dodge: Dodged            |     5 |     7 ||    12

Table legend: (Time is in decaauts)
 A = Elapsed time spent in this place.
 B = Non-inter-level travel time spent in this place.
 C = Inter-level travel time spent in this place.
 D = Time resting spent in this place.
 E = Time spent auto-exploring this place.
 F = Levels seen in this place.
 G = Mean time per level.
                   A        B        C        D        E       F      G
               +--------+--------+--------+--------+--------+-----+--------+
         Total |   2144 |   2071 |     73 |    160 |   1648 |   3 |  714.7 |
       Dungeon |   2144 |   2071 |     73 |    160 |   1648 |   3 |  714.7 |
               +--------+--------+--------+--------+--------+-----+--------+

Top non-repeatable levels by time:
     D:2: 1050 daAuts
     D:1: 1030 daAuts
     D:3: 63 daAuts
